 Dungeon Crawl Stone Soup version 0.20.1-1-g8b1a95d (webtiles) character file.

217 letownia2 the Grave Robber (level 5, -4/42 HPs)
             Began as a Deep Dwarf Necromancer on Nov 5, 2017.
             Was an Initiate of Gozag.
             Slain by an ogre
             ... wielding a cursed -2 giant club
              (15 damage)
             ... on level 4 of the Dungeon.
             The game lasted 00:09:44 (4038 turns).

letownia2 the Grave Robber (Deep Dwarf Necromancer) Turns: 4038, Time: 00:09:45

Health: -4/42      AC:  6    Str: 12    XL:     5   Next: 62%
Magic:  1/9        EV: 11    Int: 16    God:    Gozag
Gold:   354        SH:  0    Dex: 15    Spells: 6/10 levels left

rFire    . . .     SeeInvis .   a - +0 dagger
rCold    . . .     Gourm    .   (no shield)
rNeg     . . .     Faith    .   w - +0 ring mail
rPois    .         Spirit   .   (no helmet)
rElec    .         Reflect  .   (no cloak)
rCorr    .         Harm     .   (no gloves)
MR       .....                  d - +0 pair of boots
Stlth    +.........             (no amulet)
Regen    0.0/turn               q - +2 ring of dexterity
MPRegen  0.2/turn               (no ring)

@: non-regenerating
A: damage resistance, heal wounds, sense surroundings 1, no regeneration
a: Heal Wounds, Potion Petition, Call Merchant, Bribe Branch, Renounce Religion


You were on level 4 of the Dungeon.
You worshipped Gozag.
Gozag was aware of your devotion.
You were not hungry.

You visited 2 branches of the dungeon, and saw 6 of its levels.

You collected 394 gold pieces.
You paid 40 gold pieces to Gozag.

Inventory:

Hand Weapons
 a - a +0 dagger (weapon)
 c - a +0 hand axe
 k - a +7 vampiric dagger
 n - a +0 hand crossbow
Missiles
 o - 12 poisoned needles
 B - 8 needles of confusion
Armour
 d - a +0 pair of boots (worn)
 h - a +0 robe
 w - a +0 ring mail (worn)
 y - a +0 scale mail
Jewellery
 q - a +2 ring of dexterity (left hand)
 D - an uncursed ring of fire {unknown}
Wands
 u - a wand of acid (12/15)
Scrolls
 f - 2 scrolls of blinking {unknown}
 m - 2 scrolls of remove curse
 p - 2 scrolls of amnesia {unknown}
 r - a scroll of identify {unknown}
 s - a scroll of random uselessness {unknown}
 t - a scroll of fog
 v - a scroll of recharging {unknown}
 x - 2 scrolls of teleportation {unknown}
 C - a scroll of enchant armour {unknown}
 F - a scroll of immolation {unknown}
 G - a scroll of fear {unknown}
Potions
 e - 2 potions of might {unknown}
 g - a potion of mutation {unknown}
 j - a potion of resistance {unknown}
 z - 2 potions of brilliance {unknown}
 A - 2 potions of degeneration {unknown}
 E - a potion of haste {unknown}
 H - a potion of invisibility {unknown}
 I - a potion of lignification {unknown}
Books
 b - a book of Necromancy

   Spells                             Type                      Level
   a - Pain                           Necromancy                   1
   b - Animate Skeleton               Necromancy                   1
   c - Vampiric Draining              Necromancy                   3
   d - Regeneration                   Charms/Necromancy            3
   e - Animate Dead                   Necromancy                   4
   f - Control Undead                 Necromancy                   4
 l - a book of Maledictions

   Spells                             Type                      Level
   a - Corona                         Hexes                        1
   b - Ensorcelled Hibernation        Hexes/Ice                    2
   c - Confuse                        Hexes                        3
   d - Tukima's Dance                 Hexes                        3
   e - Dazzling Spray                 Conjuration/Hexes            3
Comestibles
 i - 3 meat rations


   Skills:
 - Level 2.0 Armour
 - Level 2.1 Dodging
 - Level 2.4 Stealth
 - Level 3.1 Spellcasting
 + Level 6.3 Necromancy


You had 6 spell levels left.
You knew the following spells:

 Your Spells              Type           Power        Failure   Level  Hunger
a - Pain                  Necr           ###.         3%          1    None
v - Vampiric Draining     Necr           ###.......   9%          3    ###....


Dungeon Overview and Level Annotations

Branches:
Dungeon (5/15)             Temple (1/1) D:4

Altars:
Cheibriados
Dithmenos
Elyvilon
Fedhas
Gozag
Kikubaaqudgha
Makhleb
Okawaru
Qazlal
Ru
Sif Muna
Trog
Uskayaw
Vehumet
Zin
The Shining One

Annotations:
D:2 exclusion: worm
D:3 JackS81's ghost, amateur VSTm
D:4 Pikel; simples's ghost, novice OgBe
D:5 2 runed doors, exclusions: centaur, ogre and orc priest, Blork the orc


Innate Abilities, Weirdness & Mutations

You are resistant to damage.
You can heal yourself by infusing magical energy.
You passively map a small area around you.
You do not regenerate.


Message History

Confirm with . or Enter, or press ? or * to list all spells.
Aiming: Vampiric Draining
Press: ? - help, Shift-Dir - straight line, f/p - ogre
Aim: an ogre, wielding a giant club (heavily wounded)
The ogre is almost dead.
You feel life coursing into your body. The ogre hits you with a giant club!
* * * LOW HITPOINT WARNING * * *
Unknown command.
Unknown command.
Unknown command.
You see here a bread ration.
You see here a scale mail.
A quokka comes into view.
Found a cloak.
A worker ant comes into view.
The worker ant twitches its antennae in your direction.
You barely miss the worker ant. The worker ant bites you.
The ogre hits you with a giant club!!
You die...
Your body crumbles into a pile of gold.

...####.#
.........#.#...#.##
$.......####
...............#.#
#.P.....,
.......<####.###W#
#≈PP..########...###
#.....#
#≈≈≈<...%.[o..r..#
#####.# *
#≈≈≈.....#####..##
#.# #..♣≈......#
#..# #.#
#.#........#####O.##
*####
##.?...#....a@...# *
* #_#.
#....########.[.#
.#.#.#. #.#.##
#....... _....... ,
,#.#.# ** #.....##*
..%.... $ $ **,,
#.....# .#.#.#. ,, ,
,, ,.......# * # #.
... .........
*#......###### ##
#...##.....#..
..#........, ,
##.##........# *, #W
#..#, * *


You could see an ogre, a worker ant and a quokka.

Vanquished Creatures
  2 hounds
  Jessica (D:2)
  An orc wizard (D:3)
  3 adders
  3 dart slugs
  6 leopard geckos
  5 orcs
  9 bats
  2 giant cockroaches
  7 goblins
  9 hobgoblins
  3 ball pythons
  5 frilled lizards
  7 kobolds
  A leopard gecko zombie (D:5)
  A quokka zombie (D:5)
  4 rats
69 creatures vanquished.

Notes
Turn   | Place    | Note
-------+----------+-------------------------------------------
     0 | D:1      | letownia2 the Deep Dwarf Necromancer began the quest for the Orb.
     0 | D:1      | Reached XP level 1. HP: 15/15 MP: 3/3
   155 | D:3      | Noticed an orc wizard
   406 | D:2      | Reached XP level 2. HP: 22/22 MP: 3/5
   497 | D:2      | Found a sacrificial altar of Ru.
   612 | D:2      | Noticed Jessica
   614 | D:2      | Killed Jessica
   614 | D:2      | Reached XP level 3. HP: 28/28 MP: 2/6
   622 | D:2      | Learned a level 3 spell: Vampiric Draining
   875 | D:2      | Reached skill level 5 in Necromancy
   937 | D:3      | Noticed JackS81's ghost (amateur VSTm)
  1012 | D:4      | Found a staircase to the Ecumenical Temple.
  1021 | Temple   | Entered the Ecumenical Temple
  1098 | D:4      | Noticed simples's ghost (novice OgBe)
  1137 | D:4      | Noticed a slave
  1139 | D:4      | Noticed Pikel
  1139 | D:4      | Noticed a slave
  1140 | D:4      | Noticed a slave
  1242 | D:4      | Found an opulent altar of Gozag.
  1439 | D:3      | Reached XP level 4. HP: 24/36 MP: 1/8
  1527 | D:4      | Noticed a slave
  1544 | D:4      | Became a worshipper of Gozag Ym Sagoz the Greedy
  1556 | D:5      | Entered Level 5 of the Dungeon
  1608 | D:5      | Noticed a centaur
  1740 | D:5      | Noticed an ogre
  1906 | D:5      | Found a large runed door.
  1906 | D:5      | Found a large runed door.
  1938 | D:5      | Reached skill level 1 in Armour
  1993 | D:5      | Noticed Blork the orc
  2034 | D:3      | Reached XP level 5. HP: 29/42 MP: 1/9
  2139 | D:2      | Found a bloodstained altar of Trog.
  2149 | D:2      | Found a hide-covered altar of Uskayaw.
  3051 | D:1      | Reached skill level 6 in Necromancy
  3551 | D:3      | Found a burning altar of Makhleb.
  3551 | D:3      | Found a glowing silver altar of Zin.
  3552 | D:3      | Noticed an angel
  3552 | D:3      | Noticed an Executioner
  4019 | D:4      | Noticed an ogre
  4038 | D:4      | Slain by an ogre

Skill      XL: |  1  2  3  4  5 |
---------------+----------------+-----
Spellcasting   | 2 3 |  3.1
Necromancy     | 5 6 |  6.3
Armour         | 1 2 |  2.0
Dodging        | |  2.1
Stealth        | |  2.4

Action                   |  1- 3 |  4- 6 || total
-------------------------+-------+-------++-------
Melee: Dagger            |     2 |    25 ||    27
 Cast: Pain              |    42 |    76 ||   118
       Vampiric Draining |     3 |    12 ||    15
  Use: Scroll            |     2 |       ||     2
 Stab: Sleeping          |     1 |     1 ||     2
  Eat: Chunk             |     2 |     1 ||     3
       Royal jelly       |       |     2 ||     2
       Bread ration      |       |     1 ||     1
Armor: Robe              |    15 |       ||    15
       Ring mail         |       |    14 ||    14
Dodge: Dodged            |    34 |    39 ||    73
